AoeStats
← xuan

Arabia

510280991Analyzed
1v1 RM · 2d ago on Sep 30, 2026· 25m 35s· 2 players
Game mode
Random Map
Map size
Tiny (2 player)
Population
200
Speed
Normal
Resources
Standard
Victory
Conquest
Starting age
Dark Age
Ending age
Imperial Age
RankedLock teamsTeams togetherTeam positionsShared explorationLock speedFull tech treeHidden civsTurbo modeCheats
Victory
Defeat
🇹🇼 Wei · Taiwan
1522
+17
1536
-17
xuan
5:29 Loom
8:50 Feudal Age
9:36 Double-Bit Axe
14:16 Wheelbarrow
13:54 Horse Collar
19:18 Castle Age
17:24 Gold Mining
18:15 Bloodlines
18:29 Fletching
18:39 Padded Archer Armor
20:08 Bodkin Arrow
20:32 Husbandry
24:27 Ballistics
24:49 Bow Saw
Evil always has a wide smile
6:33 Loom
9:05 Feudal Age
9:42 Double-Bit Axe
12:23 Horse Collar
20:27 Castle Age
18:54 Fletching
19:32 Bloodlines
21:23 Bow Saw
20:54 Elite Skirmisher
22:01 Padded Archer Armor
22:03 Bodkin Arrow
23:49 Padded Archer Armor
24:57 Ballistics
Connection lost

Rejoining the realm…

Still unreachable

The connection could not be restored.

Session expired

The server has moved on; the page needs a fresh start.